 Dungeon Crawl Stone Soup version 0.31-a0-174-g85c54bcb58 (webtiles) character file.

Game seed: 1161142573997378911

8 qw the Shooter (level 2, -1/17 HPs)
             Began as a Gargoyle Hunter on June 15, 2023.
             Slain by a quokka (4 damage)
             ... on level 1 of the Dungeon.
             The game lasted 00:00:05 (211 turns).

qw the Shooter (Gargoyle Hunter)                     Turns: 211, Time: 00:00:06

Health: -1/17      AC:  5    Str: 14    XL:     2   Next: 8%
Magic:  2/2        EV: 11    Int:  9    God:
Gold:   0          SH:  0    Dex: 13    Spells: 1/1 levels left

rFire   . . .        a - +0 shortbow
rCold   . . .        (shield currently unavailable)
rNeg    + . .        c - +0 leather armour
rPois   inf          (no helmet)
rElec   +            (no cloak)
rCorr   .            (no gloves)
SInv    .            (no boots)
Will    .....        (no amulet)
Stlth   +            (no ring)
HPRegen 0.22/turn    (no ring)
MPRegen 0.08/turn

%: no passive effects
@: no status effects
A: sickness immunity, AC +2, negative energy resistance 1, electricity
resistance, torment resistance 1, petrification resistance
a: no special abilities


You were on level 1 of the Dungeon.
You visited 1 branch of the dungeon, and saw 1 of its levels.


Innate Abilities, Weirdness & Mutations

You are immune to sickness and miasma.
Your stone body is resilient. (AC +2)
You are immune to poison.
You resist negative energy. (rN+)
You are resistant to electric shocks. (rElec)
You are resistant to unholy torment.
You are immune to petrification.


   Skills:
 - Level 2.1 Fighting
 + Level 4.4 Ranged Weapons
 - Level 1.5 Dodging
 - Level 1.1 Stealth


You had one spell level left.
You didn't know any spells.
Your spell library was empty.

Inventory:

Hand Weapons
 a - a +0 shortbow (weapon)
Armour
 c - a +0 leather armour (worn)
 e - a +2 pair of gloves
Scrolls
 b - a scroll of butterflies
 f - a scroll of vulnerability {unknown}
Potions
 d - a potion of attraction {unknown}

Dungeon Overview and Level Annotations

Branches:
Dungeon (1/15)

Altars:


Message History

You shoot an arrow. The arrow hits the rat.
The rat is moderately wounded.
The rat twitches its whiskers.
You shoot an arrow. The arrow hits the rat.
You kill the rat!
You see here 5 stones.
A quokka comes into view.
Enter note: You shoot an arrow.
The arrow barely misses the quokka.
The quokka bites you but does no damage. x2
You shoot an arrow. The arrow barely misses the quokka.
The quokka bites you.
You shoot an arrow.
The arrow hits the quokka but does no damage.
The quokka misses you. The quokka barely misses you.
You shoot an arrow.
The arrow hits the quokka but does no damage.
The quokka bites you.
You shoot an arrow. The arrow barely misses the quokka.
The quokka bites you. The quokka barely misses you.
You shoot an arrow.
The arrow hits the quokka but does no damage.
The quokka barely misses you.
You shoot an arrow. The arrow closely misses the quokka.
The quokka misses you.
The quokka bites you but does no damage.
You shoot an arrow. The arrow barely misses the quokka.
The quokka bites you but does no damage.
You shoot an arrow. The arrow hits the quokka.
The quokka is heavily wounded.
The quokka bites you. The quokka barely misses you.
You shoot an arrow. The arrow misses the quokka.
The quokka bites you.
You shoot an arrow. The arrow barely misses the quokka.
The quokka bites you.
You shoot an arrow. The arrow hits the quokka.
The quokka is severely wounded.
The quokka bites you but does no damage.
The quokka bites you.
You die...

#.>###.##..#...77.##
...# #.##..#......#
#..# #.##..#.##...#
##.###.##..#.##.#.# #
....##.##..#....#...#
##...........(#####.#
#.##...........#...#
#.##.#########.#r# #
#.##.# #.@.# #.##.#
##.## ..##.# #...
#####.# ##### ......#
#######


You could see a quokka.

Vanquished Creatures
  A bat (D:1)
  An endoplasm (D:1)
  A giant cockroach (D:1)
  A hobgoblin (D:1)
  4 rats (D:1)
8 creatures vanquished.

Notes
Turn   | Place    | Note
-------+----------+-------------------------------------------
     0 | D:1      | qw the Gargoyle Hunter began the quest for the Orb.
     0 | D:1      | Reached XP level 1. HP: 12/12 MP: 1/1
     0 | D:1      | 0 ||| qw: Version: 0.2-a-29-g511e9b1
     0 | D:1      | 0 ||| qw: Game counter: 5583
     0 | D:1      | 0 ||| qw: Always use a shield: true
     0 | D:1      | 0 ||| qw: God list: Okawaru
     0 | D:1      | 0 ||| qw: Allow faded altars: false
     0 | D:1      | 0 ||| qw: Do Orc after D:15 true
     0 | D:1      | 0 ||| qw: Do second Lair branch before Depths: true
     0 | D:1      | 0 ||| qw: Lair rune preference: random
     0 | D:1      | 0 ||| qw: Plans: Normal, Zot:1-4, Slime:5, God:TSO, Crypt,
                  | Tomb, Abyss, Pan, Hells, Win
     0 | D:1      | 0 ||| PLANNING D:1-11
   117 | D:1      | Reached XP level 2. HP: 17/17 MP: 2/2
   210 | D:1      | HP: 2/17 [quokka (3)]
   211 | D:1      | Slain by a quokka

Levels and vault maps discovered:
D:1:      scummos_arrival_gate, layout_loops_ring, serial_park_tiny_2,
          nrook_campfire

Action                     || total
---------------------------++-------
   Fire: Shortbow          ||    28
 Armour: Leather armour    ||     5
  Dodge: Dodged            ||     6

Table legend:
 A = Non-vault XP
 B = Vault XP
 C = Vault XP percentage of total XP
 D = Non-vault monster count
 E = Vault monster count
 F = Vault count percentage of total count
                 A         B        C        D         E       F
            +---------+---------+-------+---------+---------+-------
      Total |      12 |       0 |   0.0 |       8 |       0 |   0.0
            +---------+---------+-------+---------+---------+-------
        D:1 |      12 |       0 |   0.0 |       8 |       0 |   0.0
            +---------+---------+-------+---------+---------+-------
